Map: Frost LE

Players

Vicebacker - Winner!

  • Race: Zerg Zerg
  • League: Gold
  • Spawn Location: 11:00

Fropez

  • Race: Protoss Protoss
  • League: Gold
  • Spawn Location: 1:00

VOD

Have the link to the VOD?

Description

Time

  • Played on: Sept. 12, 2016, 3:57 p.m.
  • Length: 5:16
Show
View Real Time Build Order
Export as new Build Order

Vicebacker Zerg - Winner!

Build Orders: Hatch First 

Get SALT Encoding   

  12  0:02  Drone  
  13  0:13  Overlord  
  13  0:22  Drone  
  14  0:33  Drone x2  
  16  0:40  Drone  
  17  0:46  Drone  
  18  1:00  Hatchery  
  17  1:06  Drone  
  18  1:16  Spawning Pool  
  18  1:17  Drone  
  18  1:26  Drone  
  18  1:31  Extractor  
  18  1:32  Drone  
  19  1:49  Extractor  
  19  1:51  Drone x2  
  20  2:08  Roach Warren  
  19  2:12  Extractor, Queen  
  20  2:16  Overlord  
  20  2:17  Overlord  
  20  2:20  Drone  
  21  2:30  Drone  
  21  2:37  Drone  
  23  2:38  Drone  
  24  2:58  Roach x2  
  28  2:59  Roach x3  
  34  3:10  Overlord  
  34  3:23  Roach x2  
  34  3:24  Roach x2  
  42  3:28  Roach  
  42  3:30  Drone  
  42  3:34  Drone  
  46  3:52  Roach x2  
  46  3:53  Zergling x2  
  46  3:54  Zergling x2  
  46  3:55  Overlord  
  52  4:05  Lair  
  52  4:12  Overlord  
  52  4:16  Drone x4  
  56  4:17  Queen  
  54  4:58  Drone x4  
  54  4:59  Drone x3  
Show
View Real Time Build Order
Export as new Build Order

Fropez Protoss 

Build Orders: Dark Templar Rush 

Get SALT Encoding   

  12  0:01  Probe (Chrono Boost)  
  13  0:13  Pylon  
  13  0:23  Probe (Chrono Boost)  
  14  0:35  Probe (Chrono Boost)  
  15  0:39  Gateway  
  15  0:45  Probe (Chrono Boost)  
  16  0:56  Probe (Chrono Boost)  
  17  0:57  Pylon  
  17  1:06  Probe (Chrono Boost)  
  18  1:15  Pylon  
  18  1:35  Cybernetics Core  
  18  1:36  Probe (Chrono Boost)  
  18  1:37  Assimilator  
  19  1:41  Assimilator  
  20  1:47  Probe (Chrono Boost)  
  20  1:57  Probe (Chrono Boost)  
  21  2:02  Pylon  
  21  2:08  Probe (Chrono Boost)  
  22  2:11  Adept (Chrono Boost)  
  24  2:17  Warp Gate (Chrono Boost)  
  24  2:24  Probe  
  25  2:35  Adept (Chrono Boost), Gateway  
  25  2:36  Probe  
  28  2:49  Mothership Core  
  30  2:59  Adept (Chrono Boost)  
  32  3:10  Probe  
  32  3:11  Twilight Council  
  33  3:16  Pylon  
  33  3:22  Probe  
  35  3:34  Probe  
  35  3:42  Nexus  
  35  3:46  Probe  
  36  3:53  Dark Shrine  
  36  3:58  Probe  
  36  4:19  Gateway  
  36  4:25  Pylon  
  36  4:29  Pylon  
  35  4:46  Stalker  
  37  5:05  Gateway  
  37  5:13  Pylon, Zealot  
Tags
 
League
GoldGold
Matchup
PvZ
Replay Pack
All Mines
Spawn Locations
Close Positions
Add a new tag
Caveats
  • Supply blocks, unpowered buildings, or Contaminate may cause inaccurate times.
  • Supply counts are checked every 10 seconds.